 Dungeon Crawl Stone Soup version 0.31.0-11-ge490571c62 (webtiles) character file.

Game seed: 7121345743514538791

1419 SnakkuSnakku7 the Cruncher (level 8, -10/58 HPs)
             Began as a Merfolk Conjurer on Feb 1, 2024.
             Shot with an arrow by a centaur (14 damage)
             ... on level 5 of the Dungeon.
             The game lasted 00:05:10 (3618 turns).

SnakkuSnakku7 the Cruncher (Merfolk Conjurer)       Turns: 3618, Time: 00:05:10

Health: -10/58     AC:  6    Str:  9    XL:     8   Next: 71%
Magic:  11/11      EV: 11    Int: 17    God:
Gold:   250        SH:  0    Dex: 19    Spells: 10/11 levels left

rFire   . . .        a - +0 lajatang
rCold   . . .        (shield currently unavailable)
rNeg    + . .        g - +0 ring mail
rPois   .            (no helmet)
rElec   .            o - +0 cloak
rCorr   .            (no gloves)
SInv    .            (no boots)
Will    .....        (no amulet)
Stlth   ++           j - +6 ring of dexterity
HPRegen 0.29/turn    w - ring of positive energy
MPRegen 0.12/turn

%: no passive effects
@: attractive
A: (nimble swimmer 2), mertail
a: no special abilities


You were on level 5 of the Dungeon.
You visited 1 branch of the dungeon, and saw 5 of its levels.

You collected 250 gold pieces.

Inventory:

Hand Weapons
 a - a +0 lajatang (weapon)
 d - a +0 dagger
 k - a +0 short sword
 q - a +0 sling
 v - a +0 heavy quarterstaff
Armour
 f - a +0 leather armour
 g - a +0 ring mail (worn)
 l - a +0 robe
 o - a +0 cloak (worn)
Jewellery
 j - a +6 ring of dexterity (left hand)
 s - a ring of wizardry
 w - a ring of positive energy (right hand)
 x - a ring of see invisible
 D - a ring of flight
Wands
 u - a wand of roots (4)
Scrolls
 m - a scroll of enchant armour {unknown}
 n - a scroll of fear {unknown}
 p - a scroll of teleportation {unknown}
 r - a scroll of torment {unknown}
 t - a scroll of identify {unknown}
 y - a scroll of noise {unknown}
 z - a scroll of butterflies {unknown}
 B - a scroll of immolation {unknown}
 C - a scroll of fog {unknown}
Potions
 b - a potion of magic
 h - a potion of heal wounds {unknown}
 i - a potion of lignification {unknown}


   Skills:
 - Level 3.1 Fighting
 + Level 8.0 Staves
 - Level 1.6 Ranged Weapons
 - Level 2.6 Dodging
 - Level 2.1 Stealth
 - Level 2.0 Spellcasting
 - Level 3.2 Conjurations


You had 10 spell levels left.
You knew the following spells:

 Your Spells              Type           Power      Damage    Failure   Level
a - Magic Dart            Conj           48%        1d5       14%         1

Your spell library contained the following spells:

 Spells                   Type           Power      Damage    Failure   Level
 Searing Ray              Conj           24%        2d5       22%         2
 Ozocubu's Armour         Ice            1%         N/A       85%         3
 Fulminant Prism          Conj/Alch      3%         3d5       95%         4
 Iskenderun's Mystic Bla  Conj/Tloc      7%         2d4       95%         4
 Metabolic Englaciation   Hex/Ice        0%         N/A       100%        5
 Sculpt Simulacrum        Ice/Alch       0%         N/A       100%        6


Dungeon Overview and Level Annotations

Branches:
Dungeon (5/15)
 Temple: D:4-7

Altars:
Nemelex Xobeh
Wu Jian

Shops:
D:2 :

Annotations:
D:3 1 runed translucent door, Crazy Yiuf


Innate Abilities, Weirdness & Mutations

((You are very nimble when in or above water. (Stealth+, EV+, Speed+++)))
Your lower body shifts to a powerful aquatic tail in water.


Message History

A scorpion comes into view.
You close the door.
Things that are here:
a +0 short sword; an orc corpse You start resting.
You hear the slow rusting of a drain nearby.
You start resting.
A centaur comes into view.
Aiming: Paralyse
Press: ? - help, Shift-Dir - straight line, f - centaur
Aim: a centaur (wandering, hasn't noticed you, chance to affect: 49%)
The centaur shouts!
The centaur resists with some effort.
Aiming: Paralyse
Press: ? - help, Shift-Dir - straight line, f/p - centaur
Aim: a centaur (chance to affect: 49%)
The centaur resists with some effort.
The centaur wields a +0 orcbow.
The centaur shoots an arrow.
The arrow hits you.
* * * LOW HITPOINT WARNING * * *
Unknown command.
Aiming: Paralyse
Press: ? - help, Shift-Dir - straight line, f/p - centaur
Aim: a centaur, wielding a +0 orcbow (chance to affect: 49%)
The centaur resists with some effort.
The centaur shoots an arrow.
The arrow closely misses you.
The centaur shoots an arrow.
The arrow hits you!
* * * LOW HITPOINT WARNING * * *
Unknown command.
Aiming: Paralyse
Press: ? - help, Shift-Dir - straight line, f/p - centaur
Aim: a centaur, wielding a +0 orcbow (chance to affect: 49%)
The centaur resists with some effort.
The now-empty wand crumbles to dust.
The centaur shoots an arrow.
The arrow hits you but does no damage.
Unknown command.
Okay, then.
Okay, then.
Okay, then.
It was a potion of attraction.
You feel attractive to monsters.
The centaur shoots an arrow.
The arrow hits you!
You die...

........##...........
......####...........
.....s..S+..).......
.....#####)).....###
.....# #.......# #
.....#
#.......####.##
.....#
#.............#
.....#
#.............#
.....#
####...@......# .####
#.....###.## #.....#
##....# #...c.
#...... #.......
.....###


You could see a centaur.

Vanquished Creatures
  Pikel (D:4)
  Grinder (D:3)
  Sigmund (D:4)
  An ogre (D:4)
  2 centaurs (D:5)
  A phantom (D:3)
  Blork the orc (D:5)
  A howler monkey (D:4)
  A hound (D:4)
  A sleepcap (D:4)
  5 adders
  A gnoll (D:1)
  3 dart slugs
  A ribbon worm (D:2)
  5 orcs
  9 endoplasms
  2 giant cockroaches
  4 goblins
  3 hobgoblins
  2 quokkas
  6 ball pythons
  6 bats
  12 frilled lizards
  3 kobolds
  5 rats
78 creatures vanquished.

Notes
Turn   | Place    | Note
-------+----------+-------------------------------------------
     0 | D:1      | SnakkuSnakku7 the Merfolk Conjurer began the quest for the
                  | Orb.
     0 | D:1      | Reached XP level 1. HP: 13/13 MP: 3/3
    34 | D:1      | Reached skill level 1 in Fighting
    90 | D:1      | Reached XP level 2. HP: 20/22 MP: 1/5
   331 | D:1      | Reached XP level 3. HP: 22/28 MP: 6/6
  1268 | D:2      | Reached skill level 1 in Ranged Weapons
  1363 | D:2      | Found Josuzih's Book Shop.
  1385 | D:2      | Found a faded altar of an unknown god.
  1420 | D:2      | Reached XP level 4. HP: 30/35 MP: 7/7
  1964 | D:3      | Noticed Grinder
  1981 | D:3      | Paralysed by Grinder for 5 turns
  1987 | D:3      | Paralysed by Grinder for 2 turns
  2168 | D:3      | Reached skill level 1 in Staves
  2204 | D:3      | Paralysed by Grinder for 5 turns
  2227 | D:3      | Killed Grinder
  2228 | D:3      | Reached skill level 3 in Staves
  2228 | D:3      | Reached XP level 5. HP: 17/41 MP: 8/8
  2228 | D:3      | Reached XP level 6. HP: 19/47 MP: 9/9
  2401 | D:3      | Reached skill level 4 in Staves
  2444 | D:3      | Found a runed translucent door.
  2445 | D:3      | Noticed Crazy Yiuf
  2601 | D:3      | Found an ornate altar of the Wu Jian Council.
  2745 | D:4      | Found a sparkling altar of Nemelex Xobeh.
  2944 | D:4      | Reached XP level 7. HP: 33/52 MP: 10/10
  3072 | D:4      | Reached skill level 5 in Staves
  3123 | D:4      | Noticed Sigmund
  3136 | D:4      | Killed Sigmund
  3137 | D:4      | Reached skill level 6 in Staves
  3330 | D:4      | Noticed Pikel
  3345 | D:4      | Killed Pikel
  3346 | D:4      | Reached skill level 7 in Staves
  3346 | D:4      | Reached XP level 8. HP: 58/58 MP: 11/11
  3503 | D:5      | Entered Level 5 of the Dungeon
  3576 | D:5      | Noticed Blork the orc
  3585 | D:5      | Killed Blork the orc
  3588 | D:5      | Reached skill level 8 in Staves
  3618 | D:5      | Shot with an arrow by a centaur

Illustrated notes

Levels and vault maps discovered:
D:1:      matt_arrival_grand_opening, layout_loops_ring, minmay_lizard_king
D:2:      layout_loops_corners, serial_shops, shop,
          chequers_ecumenical_altar_simple_redux
D:3:      layout_rooms, nzn_wu_jian_council_hall, uniq_crazy_yiuf_cottage,
          uniq_grinder
D:4:      layout_loops_ring, nemelex_spade_bored_becter, uniq_pikel,
          uniq_sigmund
D:5:      layout_basic, portal_sewer_entry_d, serial_shops, shop,
          minmay_starry_boxes, uniq_blork_the_orc, uniq_prince_ribbit1

Skill      XL: |  1  2  3  4  5  6  7  8 |
---------------+-------------------------+-----
Fighting       | 1 2 3 |  3.1
Ranged Weapons | 1 |  1.6
Staves         | 3 4 7 8 |  8.0
Dodging        | |  2.6
Stealth        | |  2.1
Spellcasting   | |  2.0
Conjurations   | |  3.2

Action                     |  1- 3 |  4- 6 |  7- 9 || total
---------------------------+-------+-------+-------++-------
  Melee: Dagger            |    60 |       |       ||    60
         Unarmed           |     2 |       |       ||     2
         Short sword       |     4 |       |       ||     4
         Lajatang          |       |    77 |    40 ||   117
   Fire: Sling             |    36 |     7 |       ||    43
   Cast: Magic Dart        |    17 |       |       ||    17
  Evoke: Wand              |       |     3 |    11 ||    14
    Use: Potion            |       |       |     4 ||     4
   Stab: Distracted        |       |     1 |       ||     1
         Paralysed         |       |       |    11 ||    11
 Armour: Robe              |     7 |       |       ||     7
         Ring mail         |    21 |    61 |    47 ||   129
         Leather armour    |     7 |     5 |       ||    12
  Dodge: Dodged            |    45 |    46 |    31 ||   122
